 Dungeon Crawl Stone Soup version 0.19.1-1-g22dce08 (webtiles) character file.

198 markt42 the Cudgeler (level 5, -5/33 HPs)
             Began as a Gargoyle Monk on Jan 7, 2017.
             Slain by an ogre
             ... wielding a +0 giant club
              (20 damage)
             ... on level 4 of the Dungeon.
             The game lasted 00:02:58 (3362 turns).

markt42 the Cudgeler (Gargoyle Monk)                Turns: 3362, Time: 00:02:58

Health: -5/33      AC: 13    Str: 15    XL:     5   Next: 77%
Magic:  5/5        EV:  7    Int: 11    God:
Gold:   199        SH:  6    Dex: 12    Spells: 0 memorised, 4 levels left

rFire  . . .     SeeInvis .     a - +0 mace
rCold  . . .     Gourm    .     e - +0 chain mail
rNeg   + . .     Faith    .     (no shield)
rPois  ∞         Spirit   .     (no helmet)
rElec  +         Reflect  +     r - +0 cloak
rCorr  .         Harm     .     (no gloves)
MR     .....                    (no boots)
Stlth  ..........               i - +6 amulet of reflection
                                (no ring)
                                (no ring)

@: no status effects
A: negative energy resistance 1, electricity resistance, unbreathing,
petrification resistance, rot immunity, AC +4
a: no special abilities


You were on level 4 of the Dungeon.
You were very hungry.

You visited 2 branches of the dungeon, and saw 5 of its levels.

You collected 199 gold pieces.

Inventory:

Hand Weapons
 a - a +0 mace (weapon)
Armour
 e - a +0 chain mail (worn)
 r - a +0 cloak (worn)
Jewellery
 i - a +6 amulet of reflection (around neck)
Wands
 o - a wand of teleportation (4/9)
Scrolls
 h - 3 scrolls of identify {unknown}
 j - a scroll of random uselessness {unknown}
 k - a scroll of magic mapping {unknown}
 s - a scroll of fog {unknown}
Potions
 d - a potion of degeneration {unknown}
 f - a potion of brilliance {unknown}
 g - a potion of cancellation {unknown}
 m - a potion of might {unknown}
 n - a potion of flight {unknown}
 p - a potion of heal wounds {unknown}
 t - a potion of haste {unknown}
 v - a potion of ambrosia {unknown}
Comestibles
 b - 2 slices of pizza
 c - 2 bread rations
 l - 2 meat rations
 q - a beef jerky
 u - 9 fruits


   Skills:
 + Level 4.0 Fighting
 * Level 5.1 Maces & Flails
 * Level 1.8 Armour
 + Level 2.7 Dodging
 + Level 2.8 Stealth


You had 4 spell levels left.
You didn't know any spells.

Dungeon Overview and Level Annotations

Branches:
Dungeon (4/15)             Temple (1/1) D:4

Altars:
Ashenzari
Elyvilon
Fedhas
Gozag
Hepliaklqana
Kikubaaqudgha
Nemelex Xobeh
Qazlal
Ru
Sif Muna
Trog
Uskayaw
Vehumet
Xom
Yredelemnul
Zin
The Shining One


Innate Abilities, Weirdness & Mutations

You are resistant to torment.
Your stone body is resilient. (AC +4)
You are immune to poison.
You resist negative energy. (rN+)
You are resistant to electric shocks. (rElec)
You can survive without breathing.
You are immune to petrification.
You are immune to rotting.


Message History

You hit the ogre.
The ogre is lightly wounded.
You block the ogre's attack.
You hit the ogre.
The ogre is moderately wounded.
The ogre barely misses you.
You hit the ogre.
The ogre is moderately wounded.
You block the ogre's attack.
You sock the ogre!
The ogre is severely wounded.
The ogre hits you with a giant club!!
Ouch! That really hurt!
You hit the ogre but do no damage.
The ogre is severely wounded.
You hit the ogre but do no damage.
The ogre is severely wounded.
The ogre hits you with a giant club!!
Ouch! That really hurt!
You die...

####################
....................
#######.......######
....................
#####.#(..###.######
#@......# #.#
...?.hO####...###.###
.....hh #.........#
....... #.........#
....... ####......#
....... #......####
....... #.........#
######? #......##..
#..........


You could see an ogre and 3 jackals.

Vanquished Creatures
  2 centaur skeletons (D:4)
  Terence (D:2)
  4 adders
  3 dart slugs
  A worm (D:2)
  2 leopard geckos (D:4)
  2 orcs
  4 bats (D:1)
  A giant cockroach (D:4)
  7 goblins
  9 hobgoblins
  7 jackals
  2 quokkas (D:4)
  2 ball pythons
  3 frilled lizards
  6 kobolds
  7 rats
63 creatures vanquished.

Notes
Turn   | Place    | Note
-------+----------+-------------------------------------------
     0 | D:1      | markt42 the Gargoyle Monk began the quest for the Orb.
     0 | D:1      | Reached XP level 1. HP: 14/14 MP: 1/1
   648 | D:1      | Reached XP level 2. HP: 19/19 MP: 2/2
  1230 | D:1      | Reached XP level 3. HP: 23/23 MP: 3/3
  1421 | D:2      | Noticed Terence
  1442 | D:2      | Killed Terence
  1747 | D:2      | Reached skill level 4 in Maces & Flails
  1747 | D:2      | Reached skill level 1 in Armour
  1747 | D:2      | Reached XP level 4. HP: 25/29 MP: 4/4
  2789 | D:4      | Reached XP level 5. HP: 29/33 MP: 5/5
  2924 | D:4      | Found a sacrificial altar of Ru.
  3041 | D:4      | Reached skill level 5 in Maces & Flails
  3103 | D:4      | Found a staircase to the Ecumenical Temple.
  3112 | Temple   | Entered the Ecumenical Temple
  3352 | D:4      | Noticed an ogre
  3362 | D:4      | Slain by an ogre

Skill      XL: |  1  2  3  4  5 |
---------------+----------------+-----
Maces & Flails | 4 5 |  5.1
Armour         | 1 |  1.8
Fighting       | 4 |  4.0
Dodging        | |  2.7
Stealth        | |  2.8

Action                   |  1- 3 |  4- 6 || total
-------------------------+-------+-------++-------
Melee: Mace              |   115 |   167 ||   282
 Stab: Sleeping          |     2 |       ||     2
       Paralysed         |       |     4 ||     4
  Eat: Chunk             |     2 |     5 ||     7
Armor: Robe              |     9 |       ||     9
       Chain mail        |    60 |    97 ||   157
Dodge: Dodged            |    62 |    53 ||   115
Block: Other             |       |    45 ||    45
       Reflection        |       |     1 ||     1
